 Dungeon Crawl Stone Soup version 0.26-a0-244-g083ca260ac (webtiles) character file.

Game seed: 16271345371466337374

47 BritishOli the Slasher (level 3, -5/28 HPs)
             Began as a Demonspawn Gladiator on July 8, 2020.
             Slain by an ogre
             ... wielding a +0 giant club
              (12 damage)
             ... on level 2 of the Dungeon.
             The game lasted 00:01:10 (1296 turns).

BritishOli the Slasher (Demonspawn Gladiator)       Turns: 1296, Time: 00:01:10

Health: -5/28      AC:  3    Str: 15    XL:     3   Next: 48%
Magic:  3/3        EV: 13    Int:  9    God:
Gold:   71         SH:  5    Dex: 14    Spells: 2/2 levels left

rFire    . . .     SeeInvis .   a - +0 long sword
rCold    . . .     Faith    .   (no shield)
rNeg     . . .     Spirit   .   b - +0 leather armour
rPois    .         Reflect  +   (helmet restricted)
rElec    .         Harm     .   (no cloak)
rCorr    .         Rnd*Tele +   (no gloves)
MR       .....                  (no boots)
Stlth    +.........             h - amulet of reflection
HPRegen  0.09/turn              g - ring of teleportation (curse)
MPRegen  0.08/turn              (no ring)

@: no status effects
A: antennae 1, demonic guardian 1
a: no special abilities


You were on level 2 of the Dungeon.
You were not hungry.

You visited 1 branch of the dungeon, and saw 2 of its levels.

You collected 71 gold pieces.

Inventory:

Hand Weapons
 a - a +0 long sword (weapon)
Missiles
 d - 3 throwing nets (quivered)
Armour
 b - a +0 leather armour (worn)
 c - a +1 helmet
Jewellery
 g - a cursed ring of teleportation (left hand)
 h - an amulet of reflection (around neck)
Scrolls
 e - a scroll of teleportation
Comestibles
 f - 2 rations


   Skills:
 + Level 2.5 Fighting
 + Level 3.1 Long Blades
 + Level 2.3 Throwing
 + Level 3.1 Dodging


You had 2 spell levels left.
You didn't know any spells.
Your spell library was empty.

Dungeon Overview and Level Annotations

Branches:
Dungeon (2/15)

Altars:


Innate Abilities, Weirdness & Mutations

You have a pair of small antennae on your head.
A weak demonic guardian rushes to your aid.


Message History

The goblin shouts!
An ogre comes into view. It is wielding a +0 giant club.
The ogre shouts!
You slash the goblin!
You kill the goblin!
Your quasit bites the ogre.
Your quasit claws the ogre. x2
The ogre hits your quasit with a +0 giant club!!
Your quasit dies!
The ogre hits you with a +0 giant club.
Your shadow imp hits the ogre.
An adder comes into view.
The adder hisses angrily.
Your shadow imp gestures at the ogre.
The ogre writhes in agony!
A goblin comes into view.
The goblin wields a +0 hunting sling.
The goblin shoots a stone.
The stone hits you.
* * * LOW HITPOINT WARNING * * *
The ogre hits you with a +0 giant club!
You die...

.......#.#.#.##..#
.............##..#
.....).......##..#
##...#.......##..#
#...#.......##..#
#####.......##.S#
...............#
#...........5.O.#{
#.......#.#....@#
#########.#.....#
#.#.......
#.#.##..#..
#.#......##.
#.#......# .....
g##..##


You could see an ogre, an adder, a goblin and a friendly shadow imp (summoned).

Vanquished Creatures
  A gnoll (D:1)
  3 dart slugs (D:1)
  6 bats (D:1)
  3 giant cockroaches
  2 goblins
  5 hobgoblins (D:1)
  5 kobolds
  A frilled lizard (D:2)
  3 rats
29 creatures vanquished.

Notes
Turn   | Place    | Note
-------+----------+-------------------------------------------
     0 | D:1      | BritishOli the Demonspawn Gladiator began the quest for the
                  | Orb.
     0 | D:1      | Reached XP level 1. HP: 16/16 MP: 1/1
   275 | D:1      | Gained mutation: A weak demonic guardian rushes to your
                  | aid. [demonic ancestry]
   275 | D:1      | Reached XP level 2. HP: 20/22 MP: 2/2
   950 | D:1      | Gained mutation: You have a pair of small antennae on your
                  | head. [demonic ancestry]
   950 | D:1      | Reached XP level 3. HP: 16/28 MP: 3/3
  1277 | D:2      | Noticed an ogre
  1296 | D:2      | Slain by an ogre

Illustrated notes

Levels and vault maps discovered:
D:1:      heliophobic_arrival_battle_scene, layout_loops_cross,
          minmay_tetromino_s2
D:2:      layout_basic, first_ration, yredelemnul_altar_generic

Skill      XL: |  1  2 |
---------------+-------+-----
Throwing       | 2 |  2.3
Long Blades    | 3 |  3.1
Dodging        | 3 |  3.1
Fighting       | |  2.5

Action                   || total
-------------------------++-------
Melee: Long sword        ||    69
  Use: Scroll            ||     2
  Eat: Ration            ||     1
Armor: Leather armour    ||    30
Dodge: Dodged            ||    62
Block: Other             ||    15
       Reflection        ||     1
       Rpst.: Long sword ||    20

Table legend:
 A = Non-vault XP
 B = Vault XP
 C = Vault XP percentage of total XP
 D = Non-vault monster count
 E = Vault monster count
 F = Vault count percentage of total count
                 A         B        C        D         E       F
            +---------+---------+-------+---------+---------+-------
      Total |      65 |       3 |   4.4 |      27 |       2 |   6.9
            +---------+---------+-------+---------+---------+-------
        D:1 |      53 |       3 |   5.4 |      19 |       2 |   9.5
        D:2 |      12 |       0 |   0.0 |       8 |       0 |   0.0
            +---------+---------+-------+---------+---------+-------
